 Dungeon Crawl Stone Soup version 0.29.0-4-gdea44cf6ec (webtiles) character file.

Game seed: 14886829809111086041

548 qw the Chopper (level 7, -5/44 HPs)
             Began as a Gargoyle Fighter on Sept 9, 2022.
             Slain by Blork the orc
             ... wielding a +0 mace
              (8 damage)
             ... on level 4 of the Dungeon.
             The game lasted 00:01:17 (3206 turns).

qw the Chopper (Gargoyle Fighter)                   Turns: 3206, Time: 00:01:17

Health: -5/44      AC: 12    Str: 21    XL:     7   Next: 28%
Magic:  7/7        EV:  9    Int:  9    God:
Gold:   184        SH:  9    Dex:  9    Spells: 6/6 levels left

rFire   . . .      SeeInvis .   Y - +2 war axe (flame)
rCold   . . .      Faith    .   c - +0 buckler
rNeg    + . .      Spirit   .   b - +0 scale mail
rPois   inf        Reflect  +   (no helmet)
rElec   +          Harm     .   i - +0 cloak
rCorr   .          Rampage  .   (no gloves)
Will    .....                   (no boots)
Stlth   ..........              h - amulet of reflection
HPRegen 0.14/turn               (no ring)
MPRegen 0.10/turn               (no ring)

@: no status effects
A: sickness immunity, AC +4, negative energy resistance 1, electricity
resistance, torment resistance 1, petrification resistance
a: no special abilities


You were on level 4 of the Dungeon.
You visited 1 branch of the dungeon, and saw 4 of its levels.

You collected 184 gold pieces.


Innate Abilities, Weirdness & Mutations

You are immune to sickness and miasma.
Your stone body is resilient. (AC +4)
You are immune to poison.
You resist negative energy. (rN+)
You are resistant to electric shocks. (rElec)
You are resistant to unholy torment.
You are immune to petrification.


   Skills:
 - Level 4.9 Fighting
 + Level 6.0 Axes
 - Level 3.2 Armour
 - Level 1.6 Dodging
 - Level 3.2 Shields


You had 6 spell levels left.
You didn't know any spells.
Your spell library was empty.

Inventory:

Hand Weapons
 Y - a +2 war axe of flaming (weapon)
Armour
 b - a +0 scale mail (worn)
 c - a +0 buckler (worn)
 i - a +0 cloak (worn)
Jewellery
 e - a ring of fire
 h - an amulet of reflection (around neck)
Scrolls
 f - a scroll of identify
Potions
 d - a potion of might
 g - a potion of cancellation
 j - 2 potions of curing

Dungeon Overview and Level Annotations

Branches:
Dungeon (4/15)
 Temple: D:4-7

Altars:
Dithmenos
Hepliaklqana
Nemelex Xobeh

Annotations:
D:3 3 runed translucent doors, qw's ghost, amateur GrBe
D:4 Blork the orc


Message History

Blork the orc barely misses you.
The scorpion stings you but does no damage.
The iguana bites you but does no damage.
Blork the orc hits you with a +0 mace. You block the scorpion's attack.
You slash the iguana! You burn the iguana.
You kill the iguana!
You barely miss Blork the orc. You hit the scorpion. You burn the scorpion.
You kill the scorpion!
Blork the orc hits you but does no damage.
The quokka bites you.
Blork the orc casts a cantrip, but nothing happens.
Your Dodging skill increases to level 1!
You closely miss Blork the orc.
Blork the orc is lightly wounded.
You barely miss the quokka. Blork the orc casts a spell at you.
The magic dart hits you. You block the quokka's attack.
Blork the orc hits you with a +0 mace.
You hit Blork the orc. You burn Blork the orc.
Blork the orc is moderately wounded.
You slash the quokka! You burn the quokka.
You kill the quokka!
Blork the orc looks satisfied for a moment.
Blork the orc points at you and mumbles some strange words.
The puff of frost hits you!
You slash Blork the orc! You burn Blork the orc.
Blork the orc is severely wounded.
You block Blork the orc's attack.
You closely miss Blork the orc.
Blork the orc is severely wounded.
You block Blork the orc's attack. Blork the orc closely misses you.
You hit Blork the orc. You burn Blork the orc.
Blork the orc is almost dead.
You block Blork the orc's attack.
Blork the orc screams, "I'll break your legs!"
Blork the orc hits you with a +0 mace!
You closely miss Blork the orc.
Blork the orc is almost dead.
Blork the orc barely misses you. Blork the orc hits you with a +0 mace!
You die...

.# ... .... #
..... .#
.##...####..####
.......<@%......
###......o....##
##..####.##.#
#.? .# #> # #. #


You could see Blork the orc (fast, strong).

Vanquished Creatures
  Grinder (D:3)
  Sigmund (D:3)
  A scorpion (D:4)
  An iguana (D:4)
  6 adders
  A worm (D:2)
  A dart slug (D:2)
  3 endoplasms
  5 giant cockroaches
  6 goblins
  6 hobgoblins
  2 jackals (D:1)
  4 kobolds
  5 quokkas
  5 ball pythons
  8 bats
  3 frilled lizards
  6 rats (D:1)
65 creatures vanquished.

Notes
Turn   | Place    | Note
-------+----------+-------------------------------------------
     0 | D:1      | qw the Gargoyle Fighter began the quest for the Orb.
     0 | D:1      | Reached XP level 1. HP: 14/14 MP: 1/1
     0 | D:1      | 0 ||| qw: Version: 0.1-a-113-g051387a
     0 | D:1      | 0 ||| qw: Game counter: 6928
     0 | D:1      | 0 ||| qw: Always use a shield: true
     0 | D:1      | 0 ||| qw: God list: Okawaru
     0 | D:1      | 0 ||| qw: Allow faded altars: false
     0 | D:1      | 0 ||| qw: Do Orc after D:15 true
     0 | D:1      | 0 ||| qw: Do second Lair branch before Depths: true
     0 | D:1      | 0 ||| qw: Lair rune preference: random
     0 | D:1      | 0 ||| qw: Plans: Normal, Zot, God:TSO, Crypt, Tomb, Zig,
                  | Orb
     0 | D:1      | 0 ||| PLANNING D:1-11
    33 | D:1      | Reached skill level 2 in Axes
   231 | D:1      | Reached XP level 2. HP: 19/19 MP: 2/2
   291 | D:1      | 291 ||| Stepping ~*~*~tactically~*~*~ (stealth).
   660 | D:1      | Reached skill level 3 in Axes
   687 | D:1      | Reached XP level 3. HP: 21/23 MP: 3/3
   793 | D:1      | 793 ||| Stepping ~*~*~tactically~*~*~ (stealth).
   794 | D:1      | 794 ||| Stepping ~*~*~tactically~*~*~ (stealth).
   798 | D:1      | 798 ||| Stepping ~*~*~tactically~*~*~ (stealth).
   799 | D:1      | 799 ||| Stepping ~*~*~tactically~*~*~ (stealth).
  1033 | D:1      | 1033 ||| UPGRADING to +0 cloak.
  1038 | D:1      | 1038 ||| UPGRADING to amulet of the acrobat.
  1043 | D:1      | 1043 ||| READING 2 scrolls labelled ETOKEU XUYCU.
  1048 | D:1      | 1048 ||| READING 2 scrolls labelled JESCHAR WEPOUTT.
  1049 | D:1      | 1049 ||| READING scroll labelled LUFET KOLIRU.
  1050 | D:1      | 1050 ||| READING scroll labelled QUWARR NEOLOE.
  1051 | D:1      | 1051 ||| DROPPING scroll of fear.
  1112 | D:2      | 1112 ||| DROPPING +0 club.
  1199 | D:2      | 1199 ||| Stepping ~*~*~tactically~*~*~ (stealth).
  1346 | D:2      | Found a hazy altar of Hepliaklqana.
  1349 | D:2      | 1349 ||| SWAPPING to +1 war axe of flaming.
  1350 | D:2      | 1350 ||| DROPPING +1 mace of protection.
  1351 | D:2      | 1351 ||| DROPPING +0 war axe.
  1441 | D:2      | Reached XP level 4. HP: 28/28 MP: 4/4
  1745 | D:2      | Reached skill level 4 in Axes
  1811 | D:2      | 1811 ||| UPGRADING to amulet of reflection.
  1821 | D:2      | 1821 ||| DROPPING amulet of the acrobat.
  1822 | D:2      | 1822 ||| READING 5 scrolls labelled SOKOEJ YDAQ.
  1823 | D:2      | 1823 ||| READING 4 scrolls of identify.
  1823 | D:2      | 1823 ||| IDENTIFYING brown potion
  2003 | D:3      | Found a faded altar of an unknown god.
  2007 | D:3      | Noticed Sigmund
  2008 | D:3      | 2008 ||| READING scroll of teleportation.
  2194 | D:3      | Found a runed translucent gate.
  2194 | D:3      | Found a runed translucent gate.
  2194 | D:3      | Found a runed translucent gate.
  2195 | D:3      | Noticed qw's ghost (amateur GrBe)
  2195 | D:3      | Noticed a kobold brigand
  2373 | D:3      | Noticed a shadow
  2376 | D:3      | Found a shadowy altar of Dithmenos.
  2377 | D:3      | Found a hazy altar of Hepliaklqana.
  2493 | D:3      | Noticed Grinder
  2494 | D:3      | 2494 ||| Stepping ~*~*~tactically~*~*~ (hiding).
  2501 | D:3      | Paralysed by Grinder for 4 turns
  2507 | D:3      | Killed Grinder
  2508 | D:3      | Reached skill level 6 in Axes
  2508 | D:3      | Reached XP level 5. HP: 27/32 MP: 5/5
  2508 | D:3      | Reached XP level 6. HP: 31/37 MP: 6/6
  2509 | D:3      | 2509 ||| Stepping ~*~*~tactically~*~*~ (stealth).
  2510 | D:3      | 2510 ||| Stepping ~*~*~tactically~*~*~ (stealth).
  2511 | D:3      | 2511 ||| Stepping ~*~*~tactically~*~*~ (stealth).
  2513 | D:3      | 2513 ||| Stepping ~*~*~tactically~*~*~ (stealth).
  2514 | D:3      | 2514 ||| Stepping ~*~*~tactically~*~*~ (stealth).
  2515 | D:3      | 2515 ||| Stepping ~*~*~tactically~*~*~ (stealth).
  2516 | D:3      | 2516 ||| Stepping ~*~*~tactically~*~*~ (stealth).
  2518 | D:3      | 2518 ||| Stepping ~*~*~tactically~*~*~ (stealth).
  2556 | D:3      | Killed Sigmund
  2557 | D:3      | Reached XP level 7. HP: 22/44 MP: 7/7
  2946 | D:3      | Found a sparkling altar of Nemelex Xobeh.
  3009 | D:3      | 3009 ||| READING scroll labelled PUSYCV LUTAN.
  3010 | D:3      | 3010 ||| READING 3 scrolls of identify.
  3010 | D:3      | 3010 ||| IDENTIFYING lumpy sapphire potion
  3011 | D:3      | 3011 ||| READING 2 scrolls of identify.
  3011 | D:3      | 3011 ||| IDENTIFYING clear potion
  3012 | D:3      | 3012 ||| DROPPING potion of magic.
  3191 | D:4      | Noticed Blork the orc
  3201 | D:4      | Reached skill level 1 in Dodging
  3202 | D:4      | HP: 11/44 [Blork the orc/puff of frost (9)]
  3205 | D:4      | HP: 3/44 [Blork the orc/+0 mace (8)]
  3206 | D:4      | Slain by Blork the orc

Levels and vault maps discovered:
D:1:      mrwooster_arrival_statue_2, layout_basic
D:2:      layout_rooms, basic_altar
D:3:      layout_loops_corners, riverfiend_overflow_shadow_ancestor,
          nicolae_overflow_hidden_temple, gammafunk_ghost_nasty_kobolds,
          nicolae_ecumenical_oubliette, uniq_sigmund, uniq_grinder
D:4:      layout_loops_ring, st_stairs_10, kennysheep_cross_room, uniq_pikel,
          uniq_blork_the_orc, uniq_ijyb

Skill      XL: |  1  2  3  4  5  6  7 |
---------------+----------------------+-----
Axes           | 2 3 6 |  6.0
Fighting       | 4 |  4.9
Dodging        | 1 |  1.6
Armour         | |  3.2
Shields        | |  3.2

Action                   |  1- 3 |  4- 6 |  7- 9 || total
-------------------------+-------+-------+-------++-------
Melee: War axe           |   111 |    51 |    21 ||   183
  Use: Scroll            |     4 |     3 |     3 ||    10
Armor: Scale mail        |    59 |    14 |    15 ||    88
Dodge: Dodged            |    48 |     7 |    10 ||    65
Block: Buckler           |    12 |     8 |    12 ||    32

Table legend:
 A = Non-vault XP
 B = Vault XP
 C = Vault XP percentage of total XP
 D = Non-vault monster count
 E = Vault monster count
 F = Vault count percentage of total count
                 A         B        C        D         E       F
            +---------+---------+-------+---------+---------+-------
      Total |     297 |     486 |  62.1 |      63 |       2 |   3.1
            +---------+---------+-------+---------+---------+-------
        D:1 |      48 |       0 |   0.0 |      32 |       0 |   0.0
        D:2 |      57 |       0 |   0.0 |      16 |       0 |   0.0
        D:3 |      68 |     486 |  87.7 |      12 |       2 |  14.3
        D:4 |     124 |       0 |   0.0 |       3 |       0 |   0.0
            +---------+---------+-------+---------+---------+-------
